 Dungeon Crawl Stone Soup version 0.27.1-1-g398f81649c (webtiles) character file.

Game seed: 12311184500816009823

25 Descartes the Scratcher (level 2, -3/12 HPs)
             Began as a Felid Transmuter on Sept 18, 2021.
             Killed from afar by Natasha (11 damage)
             ... with a magic dart
             ... on level 2 of the Dungeon.
             The game lasted 00:02:35 (1398 turns).

Descartes the Scratcher (Felid Transmuter)          Turns: 1398, Time: 00:02:35

Health: -3/12      AC:  1    Str:  6    XL:     2   Next: 86%
Magic:  5/6        EV: 17    Int: 20    God:
Gold:   20         SH:  0    Dex: 16    Spells: 4/5 levels left
                                        Lives:  0   Deaths: 0

rFire    . . .     SeeInvis +     - Unarmed
rCold    . . .     Faith    .   (shield unavailable)
rNeg     . . .     Spirit   .   (armour unavailable)
rPois    .         Reflect  .   (helmet unavailable)
rElec    .         Harm     .   (cloak unavailable)
rCorr    .         Rampage  .   (gloves unavailable)
Will     .....                  (boots unavailable)
Stlth    ++........             (no amulet)
HPRegen  0.04/turn              a - +6 ring of intelligence
MPRegen  0.10/turn              (no ring)

@: appendages, quick
A: horns 2, very small, claws 1, fangs 3, see invisible, speed 1, shaggy fur 1,
stealthy paws, no weapons or thrown items, no armour, multi-lived
a: End Transformation


You were on level 2 of the Dungeon.
You had temporarily grown beastly horns.
You visited 1 branch of the dungeon, and saw 2 of its levels.

You collected 20 gold pieces.

Inventory:

Jewellery
 a - a +6 ring of intelligence (left paw)
Scrolls
 b - a scroll of identify {unknown}
 c - a scroll of amnesia {unknown}
 d - a scroll of immolation {unknown}
Potions
 e - a potion of curing {unknown}


   Skills:
 + Level 1.4 Fighting
 + Level 3.1 Dodging
 + Level 1.2 Stealth
 + Level 3.2 Unarmed Combat
 + Level 2.2 Spellcasting
 + Level 2.4 Transmutations


You had 4 spell levels left.
You knew the following spells:

 Your Spells              Type           Power      Damage    Failure   Level
a - Beastly Appendage     Tmut           22%        N/A       6%          1

Your spell library contained the following spells:

 Spells                   Type           Power      Damage    Failure   Level
 Wereblood                Tmut           11%        N/A       9%          2
 Spider Form              Tmut/Pois      3%         N/A       28%         3
 Ice Form                 Ice/Tmut       7%         N/A       67%         4


Dungeon Overview and Level Annotations

Branches:
Dungeon (2/15)

Altars:

Shops:
D:1 *

Annotations:
D:2 Natasha


Innate Abilities, Weirdness & Mutations

You have temporarily grown beastly horns.
You have sharp claws.
You have razor-sharp teeth.
You have supernaturally acute eyesight. (SInv)
You cover ground quickly. (Speed+)
You are covered in fur. (AC +1)
Your paws help you pounce on unaware monsters.
You are incapable of wielding weapons or throwing items.
You cannot wear armour.
You gain extra lives every three experience levels.


Message History

A bat is nearby!
You barely miss the bat. The bat hits you but does no damage. The bat hits you.
You scratch the bat. You claw the bat.
You kill the bat!
Magic restored.
Your transformation is almost over.
Your horns disappear.
HP restored.
Things that are here:
a bat corpse; a jackal corpse; a jackal corpse Natasha, Servant of Life and Death comes into view.
Natasha hisses angrily.
Natasha mumbles some strange words.
Casting: Beastly Appendage (safe; 6% risk of failure)
Confirm with . or Enter, or press ? or * to list all spells.
You grow a pair of large bovine horns.
Natasha mumbles some strange words.
Things that are here:
a bat corpse; a jackal corpse; a jackal corpse Your transformation is almost over.
There is a stone staircase leading up here.
Your horns disappear.
An endoplasm comes into view.
The endoplasm quivers.
Casting: Beastly Appendage (safe; 6% risk of failure)
Confirm with . or Enter, or press ? or * to list all spells.
You grow a pair of large bovine horns.
The endoplasm misses you.
You barely miss the endoplasm.
You bite the endoplasm, but do no damage.
The endoplasm hits you.
You scratch the endoplasm.
The endoplasm is lightly wounded.
The endoplasm hits you.
You scratch the endoplasm. You headbutt the endoplasm.
You kill the endoplasm!
Natasha casts a spell at you. The magic dart hits you!
Ouch! That really hurt!
You die...

######### #.......#
#.#####.# #######<#
#.#
#.......#####.####.#
#.##......>h@........
##.##.#..###.....##.##
#.....#..# ##...##
#..####.... ...##
#..########+####
#......# #.######
#†###### #......+


You could see Natasha.

Vanquished Creatures
  2 ball pythons (D:1)
  2 bats
  An endoplasm (D:2)
  A giant cockroach (D:1)
  A hobgoblin (D:1)
  6 jackals
  2 kobolds (D:1)
  A quokka (D:1)
  3 frilled lizards (D:1)
  A goblin (D:1)
  3 rats (D:1)
23 creatures vanquished.

Vanquished Creatures (others)
  4 demonic plants (D:1)
  2 fungi (D:1)
  3 plants (D:1)
  3 withered plants (D:1)
12 creatures vanquished.

Grand Total: 35 creatures vanquished

Notes
Turn   | Place    | Note
-------+----------+-------------------------------------------
     0 | D:1      | Descartes the Felid Transmuter began the quest for the Orb.
     0 | D:1      | Reached XP level 1. HP: 9/9 MP: 4/4
   309 | D:1      | Found a faded altar of an unknown god.
   367 | D:1      | Reached XP level 2. HP: 12/12 MP: 4/6
   475 | D:1      | Reached skill level 1 in Stealth
  1018 | D:1      | Found Lozosmoc's Assorted Antiques.
  1362 | D:2      | Noticed Natasha
  1398 | D:2      | Killed from afar by Natasha

Illustrated notes

Levels and vault maps discovered:
D:1:      scummos_arrival_checkerplants, layout_loops_ring, serial_shops,
          shop_statue, shapermc_ecumenical_altar_gd
D:2:      layout_loops_corners, serial_shops, nicolae_diamond_shop,
          st_stairs_11, kennysheep_generic_room_8, uniq_natasha

Skill      XL: |  1  2 |
---------------+-------+-----
Stealth        | 1 |  1.2
Dodging        | 3 |  3.1
Fighting       | |  1.4
Unarmed Combat | |  3.2
Spellcasting   | |  2.2
Transmutations | |  2.4

Action                   || total
-------------------------++-------
Melee: Unarmed           ||    53
       Headbutt          ||     7
       Bite              ||     7
       Punch             ||     2
 Cast: Beastly Appendage ||    20
 Stab: Sleeping          ||     3
Armor: Skin              ||     5
Dodge: Dodged            ||    47
